 Dungeon Crawl Stone Soup version 0.14-a0-1097-gc7db7fc (webtiles) character file.

457 PolkaDot the Ruffian (level 5, -17/44 HPs)
             Began as a Troll Death Knight on Nov 26, 2013.
             Was a Priest of Yredelemnul.
             Killed from afar by a wretched star (26 damage)
             ... with an orb of energy
             ... on Level 1 of the Abyss.
             The game lasted 00:08:44 (2286 turns).

PolkaDot the Ruffian (Troll Death Knight)           Turns: 2286, Time: 00:08:44

HP -17/44        AC  4     Str 26      XL: 5   Next: 82%
MP   5/5         EV  9     Int  7      God: Yredelemnul [***...]
Gold 214         SH  0     Dex  6      Spells:  0 memorised,  4 levels left

rFire  . . .     SeeInvis .       - Unarmed
rCold  . . .     Clarity  .     b - +0 robe
rNeg   . . .     Conserve .     (shield restricted)
rPois  .         rCorr    .     (helmet restricted)
rElec  .         rRot     .     (no cloak)
SustAb . .       Spirit   .     (gloves unavailable)
rMut   .         Warding  .     (boots unavailable)
Gourm  +         Stasis   .     (no amulet)
                                (no ring)
                                r - ring of protection from magic

@: invisible (expiring), mighty, very slightly contaminated, somewhat resistant
to hostile enchantments, very unstealthy
A: unfitting armour, claws 3, blurry vision 1, clumsy 2, deformed body,
deterioration 1, fast metabolism 3, frail 1, gourmand, regeneration 2, saprovore
2, shaggy fur 1, tough skin 2
a: Animate Dead, Recall Undead Slaves, Injury Mirror, Renounce Religion


You were on level 1 of the Abyss.
You worshipped Yredelemnul.
Yredelemnul was most pleased with you.
You were completely stuffed.

You visited 1 branch of the dungeon, and saw 3 of its levels.
You visited the Abyss 1 time.

You collected 214 gold pieces.

Inventory:

Armour
 b - a +0 robe (worn)
Comestibles
 a - 2 meat rations
 c - 4 pears
 i - an apple
 j - a bread ration
 n - a rotting chunk of goblin flesh
 p - a rotting chunk of adder flesh
 t - a lemon
 u - an apricot
Scrolls
 f - a scroll of fear {unknown}
 h - a scroll of recharging {unknown}
 k - 2 scrolls of remove curse {unknown}
 l - a scroll of identify
 m - a scroll of teleportation {unknown}
 o - a scroll of fog {unknown}
 q - a scroll of enchant armour {unknown}
 s - a scroll of random uselessness {unknown}
 v - a scroll of noise {unknown}
Jewellery
 r - a ring of protection from magic (left claw)


   Skills:
 - Level 1.5 Fighting
 - Level 1.2 Dodging
 * Level 6.2 Unarmed Combat
 - Level 2.4 Invocations


You had 4 spell levels left.
You didn't know any spells.

Dungeon Overview and Level Annotations

Branches:
Dungeon (3/16)

Altars:


Innate Abilities, Weirdness & Mutations

You are too large for most types of armour.
You have claws for hands.
Your metabolism is lightning-fast.
You like to eat raw meat.
You heal very quickly.
You can eat rotten meat.
You are covered in fur (AC +1).
You have very tough skin (AC +2).
[Your vision is a little blurry.]
[You are very clumsy. (Dex -4)]
[Armour fits poorly on your strangely shaped body.]
[Your body is slowly deteriorating.]
[You are frail (-10% HP).]


Message History

Yredelemnul accepts your kill.
Your Unarmed Combat skill increases to level 6!
The basilisk gazes at something.
A wretched star comes into view.
The wretched star pulses with an eldritch light!
You feel clumsy.
You feel frail.
Your body twists and deforms.
Describe a (M)onster, (S)pell, s(K)ill, (I)tem, (F)eature, (G)od, (A)bility, (B)ranch, or (C)ard?
Okay, then.
Unknown command.
You flicker for a moment.
The wretched star pulses with an eldritch light!
You feel yourself wasting away.
You feel clumsy.
Your vision blurs.
Unknown command.
Read which item? (? for menu, Esc to quit)
Okay, then.
The wretched star glows turbulently.
The orb of energy hits you!
Ouch! That really hurt!
You die...
Your body rises from the dead as a mindless zombie.

. ## . ...# .####
.#. .... .. ...
.# #.###.# #
#.#@##....#
###.......##.
#...#..#....#
#..#.*#..##....
...###..##...#...
.#.##.#l.....# .
. ##.#.....#...#
.##...#....##.##
. #..###....%#..
..#


You could see a wretched star.

Vanquished Creatures
  A giant frog (Abyss:1)
  An iguana (Abyss:1)
  Jessica (D:2)
  5 adders
  A giant gecko (D:2)
  2 oozes
  4 orcs (D:3)
  6 giant cockroaches
  9 hobgoblins
  5 jackals
  7 kobolds
  2 ball pythons
  9 bats
  2 giant newts (D:1)
  10 goblins
  6 rats
71 creatures vanquished.

Notes
Turn   | Place    | Note
--------------------------------------------------------------
     0 | D:1      | PolkaDot, the Troll Death Knight, began the quest for the Orb.
     0 | D:1      | Reached XP level 1. HP: 20/20 MP: 2/2
   150 | D:1      | Reached XP level 2. HP: 26/28 MP: 2/2
   327 | D:1      | Reached skill level 3 in Unarmed Combat
   453 | D:1      | Acquired Yredelemnul's second power
   739 | D:1      | Reached XP level 3. HP: 32/35 MP: 4/4
   951 | D:2      | Noticed Jessica
   961 | D:2      | Killed Jessica
   961 | D:2      | Reached skill level 4 in Unarmed Combat
  1053 | D:2      | Reached XP level 4. HP: 42/42 MP: 4/4
  1723 | D:2      | Reached skill level 5 in Unarmed Combat
  2068 | D:3      | Reached XP level 5. HP: 49/49 MP: 5/5
  2157 | D:3      | Acquired Yredelemnul's third power
  2163 | D:3      | Cast into the Abyss (orc wizard)
  2204 | Abyss:1  | Noticed a basilisk
  2235 | Abyss:1  | Noticed a black mamba
  2256 | Abyss:1  | Noticed a thrashing horror
  2278 | Abyss:1  | Reached skill level 6 in Unarmed Combat
  2279 | Abyss:1  | Noticed a wretched star
  2286 | Abyss:1  | Killed from afar by a wretched star

Action                   |  1- 3 |  4- 6 || total
-------------------------+-------+-------++-------
Melee: Unarmed           |   102 |   101 ||   203
  Use: Scroll            |       |     4 ||     4
       Potion            |       |     4 ||     4
 Stab: Invisible         |       |     1 ||     1
